 Dungeon Crawl Stone Soup version 0.16.1 (webtiles) character file.

210 McCoppin the Bolt Thrower (level 6, 0/44 HPs)
             Began as a Formicid Hunter on Mar 23, 2015.
             Was an Initiate of Okawaru.
             Slain by Prince Ribbit (14 damage)
             ... on level 4 of the Dungeon.
             The game lasted 00:10:32 (2772 turns).

McCoppin the Bolt Thrower (Formicid Hunter)         Turns: 2772, Time: 00:10:32

Health: 0/44       AC: 12    Str: 19    XL:     6   Next: 12%
Magic:  8/8        EV:  7    Int: 10    God:    Okawaru [......]
Gold:   199        SH:  0    Dex: 11    Spells: 0 memorised, 5 levels left

rFire  + . .     SeeInvis +     o - +0 blowgun
rCold  x . .     Clarity  .     t - +0 chain mail (curse)
rNeg   . . .     SustAb   .     (no shield)
rPois  .         Gourm    .     (helmet unavailable)
rElec  .         Spirit   .     (no cloak)
rCorr  .         Warding  .     m - +0 pair of gloves
rMut   .         Stasis   +     k - +2 pair of boots {Fly}
MR     .....                    (no amulet)
Stlth  ..........               (no ring)
                                l - ring of fire

@: flying, not resistant to hostile enchantments, extremely unstealthy
A: permanent stasis, dig shafts and tunnels, four strong arms, antennae 3
a: Dig, Shaft Self, Renounce Religion, Stop Flying


You were on level 4 of the Dungeon.
You worshipped Okawaru.
Okawaru was noncommittal.
You were very hungry.

You visited 1 branch of the dungeon, and saw 4 of its levels.

You collected 199 gold pieces.

Inventory:

Hand weapons
 a - a +0 short sword
 b - a +1 hand crossbow
 o - a +0 blowgun (weapon)
Missiles
 p - 7 poisoned needles (quivered)
Armour
 d - a +0 leather armour
 i - a +0 scale mail
 k - a +2 pair of boots of flying (worn)
 m - a +0 pair of gloves (worn)
 t - a cursed +0 chain mail (worn)
Jewellery
 l - a ring of fire (left hand)
Magical devices
 q - a wand of enslavement (11)
Scrolls
 g - 2 scrolls of remove curse
Potions
 e - a potion of might {unknown}
 h - a potion of curing
 j - a potion of restore abilities
 s - a potion of resistance
Comestibles
 f - 2 bread rations
 n - a beef jerky
 r - a meat ration


   Skills:
 - Level 2.1 Fighting
 + Level 6.9 Crossbows
 - Level 1.7 Dodging
 - Level 1.2 Stealth


You had 5 spell levels left.
You didn't know any spells.

Dungeon Overview and Level Annotations

Branches:
Dungeon (4/15)
 Temple: D:4-7

Altars:
Ashenzari
Fedhas
Gozag
Okawaru
Qazlal
Sif Muna

Annotations:
D:4 Prince Ribbit


Innate Abilities, Weirdness & Mutations

You are under a permanent stasis effect.
You can dig through walls and to a lower floor.
Your four strong arms can wield two-handed weapons with a shield.
You have a pair of large antennae on your head (SInv).


Message History

There is a stone staircase leading up here.
Firing (i - inventory):
p - 9 poisoned needles (quivered)
Press: ? - help, Shift-Dir - straight line, f/p - Prince Ribbit
Aim: Prince Ribbit (moderately wounded)
You shoot a poisoned needle.
Prince Ribbit momentarily phases out as the poisoned needle passes through him.
Prince Ribbit hits you!
* * * LOW HITPOINT WARNING * * *
Firing (i - inventory):
p - 8 poisoned needles (quivered)
Press: ? - help, Shift-Dir - straight line, f/p - Prince Ribbit
Aim: Prince Ribbit (moderately wounded)
You shoot a poisoned needle.
The poisoned needle completely misses Prince Ribbit.
Prince Ribbit hits you.
* * * LOW HITPOINT WARNING * * *
The hound pauses to sniff the ground.
Prince Ribbit hits you but does no damage.
Drink which item? (? for menu, Esc to quit)
You feel better. The goblin closely misses you. Prince Ribbit hits you!
You die...

.....##........(... {
.(.....(.......(.########
.....!...._......#...<..#
...........(.....#.##.#.#
............⌠....# #.#.#
...(.............# #.#.#
...#........._..# ..#.#{
.(...(.......Fg######.#
.#.....(...{#@.††....#
#.......h..##########
.......##.. { ......##.##
.....##.# ....##.# . #.#
#.#


You could see Prince Ribbit and a goblin.

Vanquished Creatures
  A jelly (D:3)
  3 worker ants
  3 adders (D:3)
  A giant mite (D:2)
  A worm (D:3)
  An orc (D:3)
  2 giant cockroaches
  6 goblins
  10 hobgoblins
  8 jackals
  A ball python (D:3)
  5 bats
  2 giant geckos
  A giant gecko skeleton (D:4)
  4 giant newts
  9 kobolds
  2 quokkas
  8 rats
68 creatures vanquished.

Notes
Turn   | Place    | Note
--------------------------------------------------------------
     0 | D:1      | McCoppin, the Formicid Hunter, began the quest for the Orb.
     0 | D:1      | Reached XP level 1. HP: 16/16 MP: 1/1
   361 | D:1      | Reached XP level 2. HP: 22/22 MP: 3/3
   781 | D:2      | Reached XP level 3. HP: 24/27 MP: 4/4
   924 | D:2      | Reached skill level 5 in Crossbows
   964 | D:2      | Found a blossoming altar of Fedhas.
  1279 | D:3      | Reached XP level 4. HP: 33/33 MP: 5/5
  1686 | D:3      | Reached XP level 5. HP: 38/38 MP: 7/7
  1705 | D:3      | Found an opulent altar of Gozag.
  1722 | D:3      | Reached skill level 6 in Crossbows
  1938 | D:3      | Found a deep blue altar of Sif Muna.
  2341 | D:3      | Found a stormy altar of Qazlal.
  2440 | D:4      | Noticed a slave
  2440 | D:4      | Noticed a slave
  2507 | D:4      | Found an iron altar of Okawaru.
  2675 | D:4      | Reached XP level 6. HP: 44/44 MP: 8/8
  2679 | D:4      | Found a shattered altar of Ashenzari.
  2686 | D:4      | Became a worshipper of Warmaster Okawaru
  2743 | D:4      | Noticed Prince Ribbit
  2772 | D:4      | Slain by Prince Ribbit

Action                   |  1- 3 |  4- 6 || total
-------------------------+-------+-------++-------
 Fire: Hand crossbow     |    59 |   126 ||   185
       Blowgun           |       |    12 ||    12
  Use: Scroll            |       |     8 ||     8
       Potion            |       |     5 ||     5
  Eat: Bread ration      |       |     1 ||     1
